 Dungeon Crawl Stone Soup version 0.21.1-1-g345015fe64 (webtiles) character file.

326 ferdninand226 the Shield-Bearer (level 6, -8/38 HPs)
             Began as a Gargoyle Fighter on May 9, 2018.
             Was a Follower of Okawaru.
             Blown up by Ijyb (17 damage)
             ... with a wand of disintegration (10)
             ... on level 3 of the Dungeon.
             The game lasted 00:06:59 (2410 turns).

ferdninand226 the Shield-Bearer (Gargoyle Fighter)  Turns: 2410, Time: 00:07:00

Health: -8/38      AC: 11    Str: 21    XL:     6   Next: 49%
Magic:  6/6        EV:  8    Int:  9    God:    Okawaru [*.....]
Gold:   135        SH:  9    Dex:  9    Spells: 5/5 levels left

rFire    . . .     SeeInvis .   a - +0 flail
rCold    . . .     Gourm    .   c - +0 shield
rNeg     + . .     Faith    .   b - +0 scale mail
rPois    ∞         Spirit   .   (no helmet)
rElec    +         Reflect  .   (no cloak)
rCorr    .         Harm     .   (no gloves)
MR       .....                  (no boots)
Stlth    ..........             (no amulet)
HPRegen  0.12/turn              (no ring)
MPRegen  0.10/turn              (no ring)

@: no status effects
A: negative energy resistance 1, electricity resistance, unbreathing,
petrification resistance, rot immunity, AC +4
a: Heroism, Renounce Religion


You were on level 3 of the Dungeon.
You worshipped Okawaru.
Okawaru was aware of your devotion.
You were not hungry.

You visited 1 branch of the dungeon, and saw 3 of its levels.

You collected 135 gold pieces.

Inventory:

Hand Weapons
 a - a +0 flail (weapon)
 h - a +0 club
Armour
 b - a +0 scale mail (worn)
 c - a +0 shield (worn)
Jewellery
 l - an uncursed ring of poison resistance {unknown}
Wands
 g - a wand of digging (7)
Scrolls
 e - a scroll of immolation {unknown}
 i - a scroll of enchant armour {unknown}
 j - a scroll of magic mapping {unknown}
 k - a scroll of enchant weapon {unknown}
 n - a scroll of fear {unknown}
 o - a scroll of remove curse {unknown}
 p - a scroll of random uselessness {unknown}
 q - 2 scrolls of teleportation {unknown}
 t - 3 scrolls of identify {unknown}
Potions
 d - 2 potions of might
 r - a potion of heal wounds {unknown}
Comestibles
 f - 6 rations


   Skills:
 + Level 4.1 Fighting
 + Level 4.0 Maces & Flails
 + Level 4.5 Armour
 + Level 1.3 Dodging
 + Level 0.1 Stealth
 + Level 4.6 Shields


You had 5 spell levels left.
You didn't know any spells.

Dungeon Overview and Level Annotations

Branches:
Dungeon (3/15)

Altars:
Okawaru
Trog
Zin

Annotations:
D:3 Ijyb


Innate Abilities, Weirdness & Mutations

You are resistant to torment.
Your stone body is resilient. (AC +4)
You are immune to poison.
You resist negative energy. (rN+)
You are resistant to electric shocks. (rElec)
You can survive without breathing.
You are immune to petrification.
You are immune to rotting.


Message History

Ijyb is heavily wounded.
Ijyb zaps a wand.
You barely resist. Ijyb closely misses you.
You closely miss Ijyb.
Ijyb is heavily wounded.
Ijyb hits you but does no damage.
You hit Ijyb.
Ijyb is severely wounded.
Ijyb hits you but does no damage.
You thump Ijyb!
Ijyb is almost dead.
Ijyb hits you with an enchanted club.
You hit Ijyb but do no damage.
Ijyb is almost dead.
Ijyb completely misses you.
You closely miss Ijyb.
Ijyb is almost dead.
Ijyb zaps a wand.
You are blasted!
* * * LOW HITPOINT WARNING * * *
Ijyb zaps a wand.
You are blasted!
You die...

.... ##.# ..### ..#
#..... # #.. .... #
#.####.## # #......)###
# #.........##### #
#.####.............# #
#....g@......#.###.####
.........####...........
#######.## ###.........
#.# #####.#### ... #.#
##.# ..# ..# #### #.#


You could see Ijyb.

Vanquished Creatures
  Sigmund (D:2)
  A hound zombie (D:3)
  4 gnolls
  3 adders
  An ooze (D:2)
  2 worms (D:2)
  A dart slug (D:3)
  2 leopard geckos
  2 orcs (D:3)
  A ball python (D:1)
  13 bats
  2 giant cockroaches (D:1)
  11 goblins
  13 hobgoblins
  6 jackals (D:2)
  6 kobolds
  2 frilled lizards
  10 rats
81 creatures vanquished.

Notes
Turn   | Place    | Note
-------+----------+-------------------------------------------
     0 | D:1      | ferdninand226 the Gargoyle Fighter began the quest for the Orb.
     0 | D:1      | Reached XP level 1. HP: 14/14 MP: 1/1
   244 | D:1      | Reached XP level 2. HP: 16/19 MP: 2/2
   400 | D:1      | Reached XP level 3. HP: 19/24 MP: 3/3
  1020 | D:2      | Found an iron altar of Okawaru.
  1031 | D:2      | Reached XP level 4. HP: 27/29 MP: 4/4
  1036 | D:2      | Became a worshipper of Warmaster Okawaru
  1067 | D:2      | Found a glowing silver altar of Zin.
  1293 | D:2      | Found a bloodstained altar of Trog.
  1423 | D:2      | Noticed Sigmund
  1465 | D:2      | Killed Sigmund
  1465 | D:2      | Reached * piety under Okawaru
  1465 | D:2      | Reached skill level 1 in Dodging
  1465 | D:2      | Reached XP level 5. HP: 12/33 MP: 0/5
  1465 | D:2      | Reached XP level 6. HP: 14/38 MP: 0/6
  2389 | D:3      | Noticed Ijyb
  2410 | D:3      | Blown up by Ijyb

Skill      XL: |  1  2  3  4  5  6 |
---------------+-------------------+-----
Maces & Flails | 3 4 |  4.0
Fighting       | 4 |  4.1
Armour         | 4 |  4.5
Dodging        | 1 |  1.3
Shields        | 4 |  4.6
Stealth        | |  0.1

Action                   |  1- 3 |  4- 6 || total
-------------------------+-------+-------++-------
Melee: Flail             |   157 |   238 ||   395
  Use: Potion            |       |     7 ||     7
  Eat: Chunk             |     1 |     5 ||     6
Armor: Scale mail        |   114 |   156 ||   270
       Skin              |       |     3 ||     3
Dodge: Dodged            |    70 |    87 ||   157
Block: Shield            |   120 |   146 ||   266
